 Dungeon Crawl Stone Soup version 0.24-a0-92-g7d8ec57 (console) character file.

Game seed: 6795436159710901075

28 Duffy the Ruffian (level 3, -3/28 HPs)
             Began as a Draconian Transmuter on Feb 9, 2019.
             Slain by a worker ant (5 damage)
             ... on level 4 of the Dungeon.
             The game lasted 00:01:10 (688 turns).

Duffy the Ruffian (Draconian Transmuter)             Turns: 688, Time: 00:01:11

Health: -3/28      AC:  5    Str: 12    XL:     3   Next: 0%
Magic:  1/6        EV: 12    Int: 14    God:
Gold:   54         SH:  0    Dex: 11    Spells: 0/6 levels left

rFire    . . .     SeeInvis .     - Unarmed
rCold    . . .     Gourm    .   (no shield)
rNeg     + . .     Faith    .   (armour unavailable)
rPois    .         Spirit   .   (helmet restricted)
rElec    .         Reflect  .   (no cloak)
rCorr    .         Harm     .   (no gloves)
MR       .....                  (no boots)
Stlth    +.........             (no amulet)
HPRegen  0.09/turn              e - ring of positive energy
MPRegen  0.10/turn              (no ring)

@: lethally poisoned (-3 -> -25), very slightly contaminated
A: unfitting armour, cold-blooded, AC +5
a: no special abilities


You were on level 4 of the Dungeon.
You were not hungry.

You visited 1 branch of the dungeon, and saw 4 of its levels.

You collected 54 gold pieces.

Inventory:

Missiles
 a - 12 arrows
Jewellery
 e - a ring of positive energy (left hand)
 h - an uncursed amulet of regeneration {unknown}
Scrolls
 b - a scroll of noise {unknown}
 d - 2 scrolls of blinking {unknown}
 f - a scroll of teleportation {unknown}
 g - a scroll of fog {unknown}
Comestibles
 c - 4 rations


   Skills:
 - Level 1.1 Fighting
 - Level 1.7 Dodging
 + Level 3.6 Unarmed Combat
 - Level 2.0 Spellcasting
 + Level 2.8 Transmutations
 + Level 0.0 Poison Magic


You couldn't memorise any spells.
You knew the following spells:

 Your Spells              Type           Power        Failure   Level  Hunger
h - Spider Form           Tmut/Pois      #.........   36%         3    ####...
j - Sticks to Snakes      Tmut           #.......     11%         2    ###....
k - Beastly Appendage     Tmut           #.....       8%          1    ##.....

Your spell library contained the following spells:

 Spells                   Type           Power        Failure   Level  Hunger
 Ice Form                 Ice/Tmut       #.......     78%         4    #####..
 Blade Hands              Tmut           #.........   90%         5    ######.


Dungeon Overview and Level Annotations

Branches:
Dungeon (4/15)
 Temple: D:4-7

Altars:


Innate Abilities, Weirdness & Mutations

Your plain brown scales are hard. (AC +5)
You cannot fit into any form of body armour.
You are cold-blooded and may be slowed by cold attacks.


Message History

You are too injured to fight recklessly!
You are too injured to fight recklessly!
You hit the worker ant. You tail-slap the worker ant.
The worker ant is heavily wounded.
You feel sick. The worker ant bites you.
You hit the worker ant but do no damage.
You tail-slap the worker ant.
The worker ant is severely wounded.
You feel sick. The worker ant bites you.
You are more poisoned.
The worker ant poisons you!
You closely miss the worker ant.
The worker ant is severely wounded.
You feel sick. The worker ant bites you.
You are more poisoned.
The worker ant poisons you!
You closely miss the worker ant.
The worker ant is severely wounded.
You feel sick. The worker ant bites you.
You die...

.....# ....#
#...######### ###
#...#....<..#
....##...#.......#
.........#.......#
.........#.......#
......a@.........#
....##....########
. #....# #.....#
#.....# #.....#
#..<..# #.....#


You could see a worker ant.

Vanquished Creatures
  An adder (D:2)
  A dart slug (D:1)
  A leopard gecko (D:3)
  2 giant cockroaches
  2 goblins
  3 hobgoblins
  2 jackals (D:2)
  A quokka (D:3)
  A kobold (D:1)
  A rat (D:1)
15 creatures vanquished.

Notes
Turn   | Place    | Note
-------+----------+-------------------------------------------
     0 | D:1      | Duffy the Draconian Transmuter began the quest for the Orb.
     0 | D:1      | Reached XP level 1. HP: 16/16 MP: 3/3
    52 | D:1      | Reached XP level 2. HP: 23/23 MP: 5/5
   208 | D:2      | Learned a level 2 spell: Sticks to Snakes
   378 | D:3      | Reached XP level 3. HP: 12/28 MP: 6/6
   672 | D:4      | Learned a level 3 spell: Spider Form
   688 | D:4      | Slain by a worker ant

Levels and vault maps discovered:
D:1:      minmay_arrival_diagonal_passages, layout_loops_ring
D:2:      layout_rooms, nicolae_qazlal_eye_of_the_storm,
          minmay_worlds_worst_comb, uniq_jessica
D:3:      layout_basic, guppyfry_early_orc_mine
D:4:      layout_gridville, first_ration

Action                   || total
-------------------------++-------
Melee: Unarmed           ||    71
       Tailslap          ||     5
       Kick              ||     2
       Punch             ||     1
 Cast: Beastly Appendage ||     1
Armor: Skin              ||    16
Dodge: Dodged            ||    44

Table legend:
 A = Non-vault XP
 B = Vault XP
 C = Vault XP percentage of total XP
 D = Non-vault monster count
 E = Vault monster count
 F = Vault count percentage of total count
                 A         B        C        D         E       F
            +---------+---------+-------+---------+---------+-------
      Total |      39 |       2 |   4.9 |      14 |       1 |   6.7
            +---------+---------+-------+---------+---------+-------
        D:1 |      13 |       0 |   0.0 |       7 |       0 |   0.0
        D:2 |      19 |       2 |   9.5 |       4 |       1 |  20.0
        D:3 |       7 |       0 |   0.0 |       3 |       0 |   0.0
            +---------+---------+-------+---------+---------+-------
